 Seeded DCSS version 0.29-a0-356-g7bc237e783 (webtiles) character file.

Game seed: 13387057801375688922 (custom seed)

22852 zeratav the Severer (level 13, -8/108 HPs)
             Began as a Hill Orc Fighter on Apr 25, 2022.
             Was an Elder of Qazlal.
             Mangled by an orc warrior
             ... wielding a +0 trident
             ... led by an orc warlord
              (16 damage)
             ... on level 2 of the Orcish Mines.
             The game lasted 00:23:21 (15803 turns).

zeratav the Severer (Hill Orc Fighter)             Turns: 15803, Time: 00:23:21

Health: -8/108     AC: 23    Str: 24    XL:     13   Next: 2%
Magic:  21/24      EV:  7    Int: 11    God:    Qazlal [****..]
Gold:   1397       SH: 10    Dex: 10    Spells: 12/12 levels left

rFire   . . .      SeeInvis .   g - +10 broad axe "Osemnewem" {holy, rC+, axe}
rCold   + . .      Faith    +   c - +0 buckler
rNeg    . . .      Spirit   .   U - +0 plate armour {rPois}
rPois   +          Reflect  .   L - +1 helmet {Int+3}
rElec   .          Harm     .   (no cloak)
rCorr   .          Rampage  .   n - +0 pair of gloves
Will    +....                   H - +0 pair of boots {Fly}
Stlth   ..........              m - amulet of faith {!P}
HPRegen 0.28/turn               O - +4 ring of protection
MPRegen 0.19/turn               R - ring of willpower

@: flying, repel missiles
A: no striking features
a: Renounce Religion, Upheaval, Elemental Force


You were on level 2 of the Orcish Mines.
You worshipped Qazlal.
Qazlal was greatly pleased with you.
You visited 3 branches of the dungeon, and saw 14 of its levels.
You also visited: Gauntlet.

You collected 1397 gold pieces.


   Skills:
 + Level 8.3 Fighting
 - Level 18.0 Axes
 - Level 10.0 Armour
 + Level 1.3 Dodging
 - Level 5.0 Shields
 + Level 15.2 Invocations


You had 12 spell levels left.
You didn't know any spells.
Your spell library contained the following spells:

 Spells                   Type           Power      Damage    Failure   Level
 Magic Dart               Conj           0%         1d3       99%         1
 Sandblast                Erth           0%         2d4       99%         1
 Passwall                 Tmut/Erth      0%         N/A       100%        2
 Searing Ray              Conj           0%         2d4       100%        2
 Sublimation of Blood     Necr           0%         N/A       100%        2
 Wereblood                Tmut           0%         N/A       100%        2
 Portal Projectile        Hex/Tloc       0%         N/A       100%        3
 Stone Arrow              Conj/Erth      0%         3d7       100%        3
 Fulminant Prism          Conj/Hex       0%         3d6       100%        4
 Blade Hands              Tmut           0%         N/A       100%        5
 Excruciating Wounds      Necr           0%         N/A       100%        5
 Summon Hydra             Summ           0%         N/A       100%        7

Inventory:

Hand Weapons
 g - the +10 broad axe "Osemnewem" (weapon) {holy, rC+, axe}
   (You acquired it on level 1 of the Dungeon)

   It has been blessed by the Shining One to cause great damage to the undead
   and demons.
   rC:        It protects you from cold.
 D - a +1 double sword of holy wrath {longrare=g}
   (You took it off Urug on level 10 of the Dungeon)
Armour
 c - a +0 buckler (worn)
 n - a +0 pair of gloves (worn)
   (You found it on level 2 of the Dungeon)
 q - a +0 leather armour
   (You took it off an orc on level 2 of the Orcish Mines)
 s - a +0 plate armour
   (You took it off an orc warrior on level 2 of the Orcish Mines)
 t - a +0 leather armour
   (You took it off an orc priest on level 2 of the Orcish Mines)
 x - a +0 ring mail
   (You took it off an orc on level 2 of the Orcish Mines)
 y - a +0 troll leather armour
   (You found it on level 2 of the Orcish Mines)
 B - a +0 scale mail
   (You took it off an orc priest on level 2 of the Orcish Mines)
 F - a +0 robe
   (You took it off an orc wizard on level 2 of the Orcish Mines)
 H - a +0 pair of boots of flying (worn)
   (You acquired it on level 5 of the Dungeon)
 L - a +1 helmet of intelligence (worn)
   (You found it in a Gauntlet)
 U - a +0 plate armour of poison resistance (worn)
   (You took it off a minotaur in a Gauntlet)
 W - a +3 scale mail of willpower
   (You found it in a Gauntlet)
Jewellery
 a - an amulet of regeneration {@e2}
   (You found it on level 5 of the Dungeon)
 b - a +6 ring of strength
   (You found it on level 6 of the Dungeon)
 m - an amulet of faith (around neck) {!P}
   (You found it on level 2 of the Dungeon)
 r - a ring of positive energy
   (You took it off an orc wizard on level 10 of the Dungeon)
 E - a ring of flight
   (You found it on level 7 of the Dungeon)
 J - the ring of Sumeakk {rC+ rN++}
   (You found it in a Gauntlet)

   [ring of protection from cold]

   rC:        It protects you from cold.
   rN:        It greatly protects you from negative energy.
 O - a +4 ring of protection (left hand)
   (You found it on level 4 of the Dungeon)
 R - a ring of willpower (right hand)
   (You found it on level 11 of the Dungeon)
 T - a +4 ring of protection
   (You found it in a Gauntlet)
Wands
 o - a wand of acid (11)
   (You found it on level 7 of the Dungeon)
 A - a wand of charming (11)
   (You took it off an orc on level 6 of the Dungeon)
 K - a wand of flame (28)
   (You found it on level 11 of the Dungeon)
 N - a wand of polymorph (4)
   (You found it on level 11 of the Dungeon)
Scrolls
 e - 11 scrolls of teleportation {@r4}
 h - 3 scrolls of enchant weapon
 j - 2 scrolls of enchant armour
 w - 3 scrolls of fear
 G - 2 scrolls of identify {@r1}
 M - 6 scrolls of holy word
 P - 2 scrolls of immolation {!r!r}
 S - 2 scrolls of fog
 Y - 2 scrolls of brand weapon
 Z - a scroll of blinking {!r}
Potions
 d - 2 potions of might
 f - 11 potions of curing {@q1}
 i - 3 potions of flight
 k - 2 potions of heal wounds {unknown}
 l - 5 potions of attraction {unknown}
 p - 2 potions of lignification {unknown}
 u - 2 potions of berserk rage {unknown}
 v - a potion of cancellation {unknown}
 z - 2 potions of mutation {unknown}
 C - 3 potions of ambrosia {unknown}
 I - a potion of resistance {unknown}
 Q - a potion of brilliance {unknown}

Dungeon Overview and Level Annotations

Branches:
Dungeon (11/15)            Temple (1/1) D:7            Lair (0/6) D:11
    Orc (2/2) D:9             Elf (0/3) Orc:2       Gauntlet (visited)

Altars:
Ashenzari
Cheibriados
Dithmenos
Fedhas
Gozag
Hepliaklqana
Kikubaaqudgha
Makhleb
Nemelex Xobeh
Okawaru
Qazlal
Ru
Sif Muna
Trog
Uskayaw
Vehumet
Wu Jian
Xom
Yredelemnul
Zin
The Shining One
Beogh

Shops:
D:11 :

Portals:
Trove: D:10 (give 7 scrolls of fear)

Annotations:
D:2 1 runed translucent door, Crazy Yiuf
D:7 2 transporters, zeratav's ghost, novice DgHu
D:8 3 runed translucent doors, croobank's ghost, novice OpFE

.....####.......#####........#
....####..........##........##
.....##...........##.......##
......[..................###
#........................#
#.........####..∩.....####
.#........## #.°.....##
#..........####.☼.☼...#
.............###@§...##
........ooo...#o##....#
.........##'##o))#....#
.....#####...##o####.##
....#####.8.8.#.# ##
......#.#.....#..###
.....)..#.8.8.#.##.# .#.
#.....#.##._.####.#.# #...
...).)...#######..### .....


You could see an orc warlord, an orc sorcerer (strong) and an orc warrior
(strong).


Message History

HP[-13]
You take 13 damage, and now have 69/107 hp.
You slash the orc warrior!
You kill the orc warrior!
Qazlal accepts your kill.
You hear a shout!
The orc warlord roars a battlecry!
HP[+1]
You hear a shout!
The orc wizard mumbles some strange words.
The orc wizard flickers and vanishes!
Deactivating autopickup; reactivate with Ctrl-A.
The orc warlord roars a battlecry!
HP[+1]
You hear a shout!
HP[+1]
The orc warrior no longer looks unusually strong.
HP[+1]
The orc warrior no longer looks unusually strong.
The orc warrior no longer looks unusually strong.
HP[+1] HP[+1]
Items here: )))).
You see here a +0 hand axe {axe}.
Things that are here:
a +0 giant club {mace}; a +0 hand axe {axe}; a +0 dire flail {mace} HP[+1]
You slash the ogre! You block the ogre's attack.
HP[+1]
You slash the ogre!
You kill the ogre!
Qazlal accepts your kill.
The orc warrior hits you but does no damage.
You hear a shout!
Items here: )))).
You block the orc warrior's attack.
You slash the orc warrior!
You hear a shout!
The orc warrior hits you from afar with a +0 trident.
You block the orc warrior's attack.
The orc warlord roars a battlecry!
The orc warriors go into a battle-frenzy!
You slash the orc warrior! You closely miss the orc warrior.
The orc warrior hits you from afar with a +0 trident.
You block the orc warrior's attack.
HP[-3]
You take 3 damage, and now have 74/107 hp.
You hit the orc warrior. You block the orc warrior's attack.
The orc warrior barely misses you.
You slash the orc warrior!
You kill the orc warrior!
Qazlal accepts your kill. You block the orc warrior's attack.
HP[+1]
You now have 108 max hp (+1).
You hit the orc warlord but do no damage.
You hit the orc warlord. The orc warrior barely misses you.
The orc warlord hits you with a +2 vorpal long sword!
HP[-19]
You take 19 damage, and now have 56/108 hp.
You hit the orc warlord.
The orc warrior hits you from afar with a +0 trident!
* * * LOW HITPOINT WARNING * * *
HP[-13]
You take 13 damage, and now have 43/108 hp.
You barely miss the orc warlord.
The orc warrior hits you but does no damage.
You block the orc warlord's attack.
You hit the orc warlord. You slice the orc warlord!!
You block the orc warrior's attack.
You hit the orc warlord but do no damage.
You block the orc warrior's attack.
The orc sorcerer curses loudly.
The orc warlord hits you but does no damage.
HP[+1]
Aiming: Upheaval
Press: ? - help, Dir - move target, f - orc warrior
Aim: an orc warrior, wielding a +0 trident and wearing a +0 chain mail (strong) Magma suddenly erupts from the ground!
The blast of magma engulfs the orc warrior!!
You kill the orc warrior!
Qazlal accepts your kill.
The blast of magma engulfs the orc warlord!
The orc warlord partially resists.
The orc warlord hits you with a +2 vorpal long sword!
* * * LOW HITPOINT WARNING * * *
x2 HP[-19] MP[-3]
You take 19 damage, and now have 25/108 hp.
You lost 3 mp, and now have 21/24 mp.
You slice the orc warlord!!
The orc warlord hits you with a +2 vorpal long sword!
* * * LOW HITPOINT WARNING * * *
x2 HP[-18]
You take 18 damage, and now have 7/108 hp.
You slash the orc warlord!
You hear a shout!
You hit the orc warlord but do no damage.
The orc warrior hits you from afar with a +0 trident!
You die...

Skill      XL: |  1  2  3  4  5  6  7  8  9 10 11 12 |
---------------+-------------------------------------+-----
Axes           | 3 4 5 6 8 9 10 13 18 | 18.0
Fighting       | 6 8 |  8.3
Armour         | 6 10 | 10.0
Shields        | 5 |  5.0
Invocations    | 7 13 15 | 15.2
Dodging        | 1 |  1.3

Action                   |  1- 3 |  4- 6 |  7- 9 | 10-12 | 13-15 || total
-------------------------+-------+-------+-------+-------+-------++-------
Melee: War axe           |    26 |       |       |       |       ||    26
       Broad axe         |    17 |    95 |   169 |   339 |    19 ||   639
Invok: Upheaval          |       |       |       |       |     1 ||     1
Evoke: Wand              |       |       |       |     4 |       ||     4
  Use: Scroll            |     1 |       |     5 |     6 |       ||    12
       Potion            |       |       |       |     1 |       ||     1
Armor: Scale mail        |    13 |    38 |    19 |       |       ||    70
       Chain mail        |       |       |    42 |       |       ||    42
       Plate armour      |       |       |    40 |   206 |     4 ||   250
Dodge: Dodged            |     9 |    43 |    61 |   108 |     2 ||   223
Block: Buckler           |     7 |    22 |    32 |   122 |     9 ||   192

Levels and vault maps discovered:
D:1:      saegor_arrival_fortress, layout_rooms,
          shapermc_ecumenical_altar_acropolis, hangedman_decor_riveting
D:2:      layout_loops_corners, serial_rivers, chequers_serial_rivers_micro_a,
          chequers_serial_rivers_room_b, chequers_serial_rivers_large_b,
          chequers_serial_rivers_micro_b, minmay_randomly_rotated_circles,
          uniq_crazy_yiuf_cottage, uniq_terence, uniq_jessica
D:3:      layout_loops_cross, nicolae_overflow_hidden_temple
D:4:      layout_basic, lemuel_crystal_altar, mainiacjoe_overflow_alcove_2,
          minmay_distorted
D:5:      minmay_evil_eye, layout_cave_pools, minmay_crystal_room
D:6:      layout_cave_pools, kennysheep_donut, minmay_misc_feat_tower
D:7:      nicolae_cairo_tiling_very_big, layout_loops_ring,
          minmay_temple_entry_mini_moons, gammafunk_ghost_berserking_beasts
D:8:      layout_basic, ebering_ghost_rock_garden
D:9:      layout_stronghold, mainiacjoe_overflow_boulevard, david_orc_1_choice
D:10:     layout_irregular_city, mainiacjoe_overflow_cross_hatched,
          mainiacjoe_overflow_divided_tiny, enter_trove_1, serial_column_ruins,
          column_ruins_square_small, column_ruins_square_large,
          column_ruins_open_small, column_ruins_open_tiny,
          column_ruins_open_small, column_ruins_columns_corner,
          column_ruins_columns_T, minmay_fractal_squares_diagonal_5, uniq_snorg,
          uniq_gastronok, uniq_urug
D:11:     layout_basic, grunt_lair_entry_orc_guard_hut, serial_shops,
          nicolae_shop_hallway_stairs, glass_columns_a, uniq_nergalle
Temple:   regret_index_temple_generic_petals
Orc:1:    layout_diamond_mine, serial_shops, nicolae_shop_bloodbath_and_beyond,
          portal_ice_cave_entry_pillars_2
Orc:2:    grunt_orc_community_town_hall, layout_diamond_mine,
          grunt_orc_community_big_house_1, grunt_orc_community_big_house_1,
          grunt_orc_community_house_3, grunt_orc_community_house_3,
          grunt_orc_community_house_3, grunt_orc_community_house_2, basic_altar,
          gauntlet_entry_generic, kennysheep_orc_chapel

Notes
Turn   | Place    | Note
-------+----------+-------------------------------------------
     0 | D:1      | zeratav the Hill Orc Fighter began the quest for the Orb.
     0 | D:1      | Reached XP level 1. HP: 19/19 MP: 1/1
     0 | D:1      | magus.rc [v1.9.6]
    84 | D:1      | Reached skill level 3 in Axes
   127 | D:1      | Reached XP level 2. HP: 23/26 MP: 2/2
   237 | D:1      | Found a faded altar of an unknown god.
   247 | D:1      | Identified a scroll of acquirement
   247 | D:1      | Acquired the +10 broad axe "Osemnewem" {holy, rC+}
   317 | D:1      | Reached skill level 4 in Axes
   460 | D:1      | You pick up a book of Geomancy and begin reading...
   460 | D:1      | You add the spells Sandblast, Passwall and Stone Arrow to
                  | your library.
   580 | D:1      | You pick up a book of Blood and begin reading...
   580 | D:1      | You add the spells Sublimation of Blood, Wereblood and
                  | Summon Hydra to your library.
   836 | D:2      | Reached XP level 3. HP: 31/31 MP: 3/3
   884 | D:2      | Noticed Terence
   889 | D:2      | Killed Terence
   890 | D:2      | Reached skill level 5 in Axes
   890 | D:2      | Reached XP level 4. HP: 28/39 MP: 4/4
  1152 | D:2      | Reached skill level 6 in Axes
  1637 | D:2      | Found a runed translucent door.
  1638 | D:2      | Noticed Crazy Yiuf
  1889 | D:2      | Noticed Jessica
  1892 | D:2      | Killed Jessica
  1893 | D:2      | Reached XP level 5. HP: 45/45 MP: 5/5
  2271 | D:3      | Reached skill level 7 in Axes
  3062 | D:3      | Reached skill level 8 in Axes
  3062 | D:3      | Reached XP level 6. HP: 41/51 MP: 6/6
  3231 | D:4      | Found a shimmering altar of Xom.
  3242 | D:4      | HP: 10/51 [ogre/+0 giant spiked club (25)]
  3244 | D:4      | Reached skill level 9 in Axes
  3507 | D:4      | Reached XP level 7. HP: 57/57 MP: 7/7
  3513 | D:4      | You fall into a shaft and drop 1 floor!
  3513 | D:5      | Entered Level 5 of the Dungeon
  3659 | D:4      | Reached skill level 10 in Axes
  3725 | D:4      | Reached skill level 4 in Fighting
  3748 | D:4      | Reached skill level 5 in Fighting
  4003 | D:4      | Found a blossoming altar of Fedhas.
  4304 | D:5      | Acquired a +0 pair of boots of flying
  4536 | D:6      | Reached skill level 6 in Fighting
  4609 | D:6      | Reached XP level 8. HP: 70/71 MP: 8/8
  4656 | D:6      | Reached skill level 7 in Fighting
  4827 | D:6      | Reached skill level 8 in Fighting
  5075 | D:6      | Reached skill level 4 in Armour
  5075 | D:6      | Reached skill level 4 in Shields
  5316 | D:7      | Reached skill level 5 in Armour
  5316 | D:7      | Reached skill level 5 in Shields
  5662 | D:7      | Found a transporter.
  5663 | D:7      | Noticed zeratav's ghost (novice DgHu)
  5666 | D:7      | Noticed a wyvern
  5666 | D:7      | Noticed a catoblepas
  5667 | D:7      | Noticed a moth of wrath
  5679 | D:7      | Found a transporter.
  5778 | D:7      | Found a staircase to the Ecumenical Temple.
  5786 | Temple   | Entered the Ecumenical Temple
  6018 | Temple   | Became a worshipper of Qazlal Stormbringer
  6117 | D:7      | Reached skill level 6 in Armour
  6117 | D:7      | Reached XP level 9. HP: 72/81 MP: 9/9
  6391 | D:8      | Reached skill level 7 in Armour
  6501 | D:8      | Noticed a cyclops
  6503 | D:8      | Found a runed translucent gate.
  6504 | D:8      | Found a runed translucent gate.
  6504 | D:8      | Found a runed translucent gate.
  6504 | D:8      | Noticed croobank's ghost (novice OpFE)
  6509 | D:8      | Killed a cyclops
  6510 | D:8      | Reached skill level 8 in Armour
  7275 | D:9      | Reached skill level 9 in Armour
  7389 | D:9      | Found a staircase to the Orcish Mines.
  7420 | D:9      | Reached skill level 10 in Armour
  7422 | D:9      | Reached skill level 1 in Invocations
  7501 | D:9      | Reached * piety under Qazlal
  7502 | D:9      | Reached skill level 2 in Invocations
  7568 | D:9      | Reached skill level 3 in Invocations
  7574 | D:9      | Reached skill level 4 in Invocations
  7675 | D:9      | Found a glowing silver altar of Zin.
  7829 | D:9      | Noticed a two-headed ogre
  7832 | D:9      | Killed a two-headed ogre
  7833 | D:9      | Reached skill level 7 in Invocations
  7833 | D:9      | Reached XP level 10. HP: 44/88 MP: 12/15
  8067 | D:9      | Noticed a tengu warrior
  8079 | D:9      | Killed a tengu warrior
  8080 | D:9      | Reached skill level 8 in Invocations
  8081 | D:9      | Reached skill level 9 in Invocations
  8616 | D:10     | Entered Level 10 of the Dungeon
  8616 | D:10     | Noticed a green ugly thing
  8624 | D:9      | Killed a green ugly thing
  8625 | D:9      | Reached skill level 10 in Invocations
  8727 | D:9      | Reached skill level 11 in Invocations
  9122 | D:9      | Reached skill level 12 in Invocations
  9253 | D:10     | Noticed a two-headed ogre
  9254 | D:10     | Noticed a two-headed ogre
  9259 | D:9      | Killed a two-headed ogre
  9260 | D:9      | Reached skill level 13 in Invocations
  9260 | D:9      | Reached XP level 11. HP: 33/94 MP: 20/20
  9505 | D:10     | Killed a two-headed ogre
  9574 | D:10     | Reached ** piety under Qazlal
  9606 | D:10     | Noticed Snorg
  9620 | D:10     | Killed Snorg
  9621 | D:10     | Reached skill level 14 in Invocations
  9768 | D:10     | Found a portal to a secret trove of treasure.
 10043 | D:10     | Noticed a two-headed ogre
 10049 | D:10     | Killed a two-headed ogre
 10050 | D:10     | Reached skill level 15 in Invocations
 10299 | D:10     | Found an opulent altar of Gozag.
 10305 | D:10     | Found a hide-covered altar of Uskayaw.
 10327 | D:10     | Noticed Urug
 10338 | D:10     | HP: 18/94 [Urug/+1 double sword of holy wrath (10)]
 10339 | D:10     | Killed Urug
 10340 | D:10     | Reached skill level 11 in Axes
 10341 | D:10     | D - a +1 double sword of holy wrath {longrare=g}
 10645 | D:10     | Found a hazy altar of Hepliaklqana.
 10687 | D:10     | Noticed Gastronok
 10701 | D:10     | Killed Gastronok
 10702 | D:10     | Reached skill level 12 in Axes
 11195 | D:11     | Noticed a two-headed ogre
 11201 | D:11     | Killed a two-headed ogre
 11202 | D:11     | Reached skill level 13 in Axes
 11202 | D:11     | Reached XP level 12. HP: 71/101 MP: 23/23
 11230 | D:11     | Reached *** piety under Qazlal
 11367 | D:11     | You pick up a book of Conjurations {@e2} and begin
                  | reading...
 11367 | D:11     | You add the spells Magic Dart, Searing Ray and Fulminant
                  | Prism to your library.
 11387 | D:11     | Found a staircase to the Lair.
 11540 | D:11     | You pick up a book of Weapons and begin reading...
 11540 | D:11     | You add the spells Portal Projectile, Excruciating Wounds
                  | and Blade Hands to your library.
 11586 | D:11     | Reached skill level 14 in Axes
 11661 | D:11     | Noticed Nergalle
 11954 | D:11     | Killed Nergalle
 12807 | D:11     | Found Mirex's Book Emporium.
 13253 | Orc:1    | Entered Level 1 of the Orcish Mines
 13360 | Orc:2    | Entered Level 2 of the Orcish Mines
 13369 | Orc:2    | Reached skill level 15 in Axes
 13623 | Orc:2    | Found a gate leading to a gauntlet.
 13634 | Orc:2    | Noticed an orc high priest
 13635 | Orc:2    | Reached **** piety under Qazlal
 13649 | Gauntlet | Entered a Gauntlet
 13649 | Gauntlet | Found a transporter.
 13649 | Gauntlet | Found a transporter.
 13876 | Gauntlet | Found a transporter.
 13876 | Gauntlet | Found a transporter.
 13881 | Gauntlet | Found a transporter.
 13928 | Gauntlet | Identified the ring of Sumeakk {rC+ rN++}
 13953 | Gauntlet | Found a transporter.
 13991 | Gauntlet | Found a transporter.
 13999 | Gauntlet | Reached skill level 16 in Axes
 14003 | Gauntlet | HP: 22/99 [poisoned by a death drake (foul vapour)]
 14008 | Gauntlet | HP: 9/101 [poisoned by a death drake (foul vapour)]
 14364 | Gauntlet | Noticed a fire dragon
 14366 | Gauntlet | Noticed an ice dragon
 14366 | Gauntlet | a fire dragon changed into an ice dragon
 14384 | Gauntlet | Noticed a dire elephant
 14389 | Gauntlet | Found the amulet of the Four Winds {rN+ Will+++ Clar}
 14390 | Gauntlet | Found a transporter.
 14404 | Gauntlet | Found a transporter.
 14413 | Gauntlet | Found a transporter.
 14415 | Gauntlet | Found a transporter.
 14425 | Gauntlet | Killed a dire elephant
 14426 | Gauntlet | Reached skill level 17 in Axes
 14685 | Gauntlet | Noticed a minotaur
 14693 | Gauntlet | Killed a minotaur
 15067 | Orc:2    | Killed an orc high priest
 15174 | Orc:2    | Found a roughly hewn altar of Beogh.
 15231 | Orc:2    | Found a roughly hewn altar of Beogh.
 15313 | Orc:2    | Reached skill level 18 in Axes
 15405 | Orc:2    | Found a staircase to the Elven Halls.
 15452 | Orc:2    | Found a bloodstained altar of Trog.
 15750 | Orc:2    | Noticed an orc warlord
 15753 | Orc:2    | Reached skill level 1 in Dodging
 15755 | Orc:2    | Reached XP level 13. HP: 82/107 MP: 24/24
 15800 | Orc:2    | HP: 25/108 [orc warlord/+2 vorpal long sword (5)]
 15801 | Orc:2    | HP: 8/108 [orc warlord/+2 vorpal long sword (17)]
 15803 | Orc:2    | Mangled by an orc warrior

Vanquished Creatures
  Gastronok (D:10)
  A dire elephant (Gauntlet)
  A minotaur (Gauntlet)
  Snorg (D:10)
  5 two-headed ogres
  A tengu warrior (D:9)
  An orc high priest (Orc:2)
  Nergalle (D:11)
  Urug (D:10)
  A death drake (Gauntlet)
  2 ugly things
  An elephant (Gauntlet)
  3 cyclopes
  3 spectral centaurs (Gauntlet)
  A gargoyle (D:10)
  2 komodo dragons (D:11)
  A tengu conjurer (D:9)
  6 trolls
  A shadow (D:11)
  A ynoxinul (Gauntlet)
  4 yaks
  A vampire (D:9)
  A wraith (D:11)
  A steam dragon (D:7)
  4 vampire mosquitoes (D:10)
  3 wargs (Orc:2)
  2 acid dragons
  2 water moccasins
  A black bear (D:4)
  23 orc warriors
  5 ogres
  2 phantoms
  7 bullfrogs
  A scorpion (D:6)
  4 wights (D:10)
  13 killer bees
  4 howler monkeys
  8 electric eels (D:11)
  3 jellies
  2 hounds (D:6)
  17 orc priests
  2 iron imps (Gauntlet)
  Jessica (D:2)
  Terence (D:2)
  6 iguanas
  11 orc wizards
  12 adders
  A shadow imp (D:8)
  A white imp (D:7)
  2 worms (D:2)
  A dart slug (D:3)
  58 orcs
  12 ball pythons
  4 bats
  8 endoplasms
  7 giant cockroaches
  8 goblins
  9 hobgoblins
  3 jackals (D:5)
  5 quokkas
  4 frilled lizards (D:1)
  2 kobolds (D:1)
  6 rats
307 creatures vanquished.

Vanquished Creatures (others)
  10 fungi
  23 plants
33 creatures vanquished.

Grand Total: 340 creatures vanquished

Table legend:
 A = Non-vault XP
 B = Vault XP
 C = Vault XP percentage of total XP
 D = Non-vault monster count
 E = Vault monster count
 F = Vault count percentage of total count
                 A         B        C        D         E       F
            +---------+---------+-------+---------+---------+-------
      Total |   15857 |   16790 |  51.4 |     234 |      73 |  23.8
            +---------+---------+-------+---------+---------+-------
        D:1 |      29 |       0 |   0.0 |      20 |       0 |   0.0
        D:2 |      79 |      82 |  50.9 |      21 |       8 |  27.6
        D:3 |     133 |       0 |   0.0 |      20 |       0 |   0.0
        D:4 |     657 |      38 |   5.5 |      27 |       3 |  10.0
        D:5 |      12 |       0 |   0.0 |       5 |       0 |   0.0
        D:6 |     907 |       0 |   0.0 |      20 |       0 |   0.0
        D:7 |     563 |       0 |   0.0 |      13 |       0 |   0.0
        D:8 |     841 |       0 |   0.0 |       9 |       0 |   0.0
        D:9 |    3094 |    3298 |  51.6 |      21 |      18 |  46.2
       D:10 |    2712 |    4082 |  60.1 |      25 |       5 |  16.7
       D:11 |    3635 |    1659 |  31.3 |      21 |       6 |  22.2
      Orc:2 |    3195 |    2610 |  45.0 |      32 |      23 |  41.8
   Gauntlet |       0 |    5021 | 100.0 |       0 |      10 | 100.0
            +---------+---------+-------+---------+---------+-------

Illustrated notes

Table legend:
 A = Kills in this place as a percentage of kills in entire the game.
 B = Kills by you in this place as a percentage of kills by you in the entire game.
 C = Kills by friends in this place as a percentage of kills by friends in the entire game.
 D = Other kills in this place as a percentage of other kills in the entire game.
 E = Experience gained in this place as a percentage of experience gained in the entire game.
 F = Experience gained in this place divided by the number of levels of this place that you have seen.
                   A       B       C       D       E      F
               +-------+-------+-------+-------+-------+----------------------
         Total | 100.0 | 100.0 |   N/A |   N/A | 100.0 | 2176.5
       Dungeon |  78.8 |  78.8 |   N/A |   N/A |  66.8 | 1983.7
  Orcish Mines |  17.9 |  17.9 |   N/A |   N/A |  17.8 | 2902.5
      Gauntlet |   3.3 |   3.3 |   N/A |   N/A |  15.4 | 5021.0
               +-------+-------+-------+-------+-------+----------------------

Table legend: (Time is in decaauts)
 A = Elapsed time spent in this place.
 B = Non-inter-level travel time spent in this place.
 C = Inter-level travel time spent in this place.
 D = Time resting spent in this place.
 E = Time spent auto-exploring this place.
 F = Levels seen in this place.
 G = Mean time per level.
                   A        B        C        D        E       F      G
               +--------+--------+--------+--------+--------+-----+--------+
         Total |  15913 |  15374 |    539 |   5105 |   8055 |  15 | 1060.9 |
       Dungeon |  13146 |  12663 |    483 |   3607 |   7429 |  11 | 1195.1 |
        Temple |    249 |    205 |     44 |      0 |    196 |   1 |  249.0 |
  Orcish Mines |   1117 |   1106 |     11 |    411 |    407 |   2 |  558.5 |
      Gauntlet |   1399 |   1399 |      0 |   1087 |     23 |   1 | 1399.0 |
               +--------+--------+--------+--------+--------+-----+--------+

Top non-repeatable levels by time:
     D:9: 2403 daAuts
    D:11: 2009 daAuts
    D:10: 1719 daAuts
     D:2: 1546 daAuts
Gauntlet: 1399 daAuts
     D:3: 923 daAuts
     D:4: 852 daAuts
   Orc:2: 841 daAuts
     D:7: 826 daAuts
     D:8: 813 daAuts
     D:1: 801 daAuts
     D:6: 740 daAuts
     D:5: 508 daAuts
   Orc:1: 276 daAuts
  Temple: 249 daAuts
